 Dungeon Crawl Stone Soup version 0.29-a0-219-g0a02b1cf4f (console) character file.

Game seed: 16634919242474679846

74 jejorda2 the Shooter (level 4, -6/25 HPs)
             Began as a Deep Elf Hunter on Feb 25, 2022.
             Mangled by Sigmund
             ... wielding a +3 scythe of venom
              (10 damage)
             ... on level 2 of the Dungeon.
             The game lasted 00:03:10 (1683 turns).

jejorda2 the Shooter (Deep Elf Hunter)              Turns: 1683, Time: 00:03:11

Health: -6/25      AC:  3    Str: 15    XL:     4   Next: 9%
Magic:  6/6        EV: 12    Int: 16    God:
Gold:   95         SH:  0    Dex: 17    Spells: 3/3 levels left

rFire   . . .      SeeInvis .   a - +1 shortbow
rCold   . . .      Faith    .   (shield currently unavailable)
rNeg    . . .      Spirit   .   b - +0 leather armour
rPois   .          Reflect  .   (no helmet)
rElec   .          Harm     .   (no cloak)
rCorr   .          Rampage  .   (no gloves)
Will    .....                   (no boots)
Stlth   ++........              (no amulet)
HPRegen 0.08/turn               j - +6 ring of strength
MPRegen 0.10/turn               (no ring)

@: lethally poisoned (-6 -> -7)
A: no striking features
a: no special abilities


You were on level 2 of the Dungeon.
You visited 1 branch of the dungeon, and saw 2 of its levels.

You collected 95 gold pieces.

Inventory:

Hand Weapons
 a - a +1 shortbow (weapon)
Armour
 b - a +0 leather armour (worn)
Jewellery
 e - a +6 ring of intelligence
 j - a +6 ring of strength (left hand)
Scrolls
 d - a scroll of magic mapping {unknown}
 f - a scroll of acquirement {unknown}
 g - a scroll of holy word {unknown}
 i - a scroll of identify {unknown}
Potions
 c - a potion of berserk rage {unknown}
 h - 2 potions of brilliance {unknown}
 k - a potion of lignification {unknown}


   Skills:
 - Level 1.5 Fighting
 * Level 6.9 Bows
 - Level 2.4 Dodging
 + Level 3.0 Stealth


You had 3 spell levels left.
You didn't know any spells.
Your spell library was empty.

Dungeon Overview and Level Annotations

Branches:
Dungeon (2/15)

Altars:

Annotations:
D:2 Sigmund


Message History

You start waiting.
Sigmund is nearby!
You shoot an arrow. The arrow barely misses Sigmund.
Sigmund shouts!
You shoot an arrow. The arrow hits Sigmund.
Sigmund is lightly wounded.
You shoot an arrow. The arrow completely misses Sigmund.
You shoot an arrow. The arrow hits Sigmund!
Sigmund is moderately wounded.
You shoot an arrow. The arrow barely misses Sigmund.
You shoot an arrow. The arrow hits Sigmund.
Sigmund is moderately wounded.
Sigmund barely misses you.
You shoot an arrow. The arrow hits Sigmund!
Sigmund is severely wounded.
Sigmund hits you from afar with a +3 scythe of venom.
You are poisoned.
You shoot an arrow. The arrow hits Sigmund.
Sigmund is almost dead.
You feel very sick. Sigmund closely misses you.
You shoot an arrow. The arrow hits Sigmund.
Sigmund is almost dead.
You feel sick.
Sigmund hits you from afar with a +3 scythe of venom!
* * * LOW HITPOINT WARNING * * *
You are too injured to fight recklessly!
Shoot: a) +1 shortbow
Press: ? - help, Q - select action Shift-Dir - straight line, f/p - Sigmund
Aim: Sigmund, wielding a +3 scythe of venom and wearing a +0 robe (almost dead, 61% to hit)
You shoot an arrow. The arrow hits Sigmund.
Sigmund is almost dead.
You feel sick.
Shoot: a) +1 shortbow
Press: ? - help, Q - select action Shift-Dir - straight line, f/p - Sigmund
Aim: Sigmund, wielding a +3 scythe of venom and wearing a +0 robe (almost dead, 61% to hit)
You shoot an arrow. The arrow barely misses Sigmund.
You feel sick.
Sigmund hits you from afar with a +3 scythe of venom!
You die...

.......>......'...(.
.................######
..........#..........#
.........#..........#
........#..........#
.......#..........#
#.@....#..........#
#......#...........
#@....#..........#
#.#####..........#
##.#####..........#
#.................#
#.......#####.#####
#####...# #.# #
#..#...# #.#
P#.#..#..## #.#
#≈.......######†#


You could see Sigmund.

Vanquished Creatures
  A gnoll (D:1)
  2 adders (D:2)
  A worm (D:2)
  2 dart slugs (D:1)
  7 endoplasms (D:1)
  2 giant cockroaches (D:1)
  2 goblins (D:1)
  A hobgoblin (D:1)
  2 jackals (D:1)
  7 kobolds
  A quokka (D:1)
  5 bats
  4 frilled lizards (D:1)
  2 rats (D:1)
39 creatures vanquished.

Vanquished Creatures (others)
  A plant (D:2)
1 creature vanquished.

Grand Total: 40 creatures vanquished

Notes
Turn   | Place    | Note
-------+----------+-------------------------------------------
     0 | D:1      | jejorda2 the Deep Elf Hunter began the quest for the Orb.
     0 | D:1      | Reached XP level 1. HP: 12/12 MP: 3/3
   100 | D:1      | Reached XP level 2. HP: 16/16 MP: 4/4
   138 | D:1      | Reached skill level 6 in Bows
   197 | D:1      | Reached XP level 3. HP: 20/20 MP: 5/5
  1556 | D:2      | Reached XP level 4. HP: 20/25 MP: 6/6
  1646 | D:2      | Noticed Sigmund
  1683 | D:2      | Mangled by Sigmund

Illustrated notes

Levels and vault maps discovered:
D:1:      ncdulo_wetmaze, layout_basic, minmay_misc_feat_x, moated_statue,
          minmay_pentomino_u2
D:2:      layout_basic, shapermc_ecumenical_altar_mp_ritualfount,
          grunt_ministairs_2, uniq_sigmund

Skill      XL: |  1  2  3 |
---------------+----------+-----
Stealth        | 2 3 |  3.0
Bows           | 6 |  6.9
Fighting       | |  1.5
Dodging        | |  2.4

Action                   |  1- 3 |  4- 6 || total
-------------------------+-------+-------++-------
 Fire: Shortbow          |   113 |    11 ||   124
Armor: Leather armour    |     8 |       ||     8
Dodge: Dodged            |    20 |     2 ||    22

Table legend: (Time is in decaauts)
 A = Elapsed time spent in this place.
 B = Non-inter-level travel time spent in this place.
 C = Inter-level travel time spent in this place.
 D = Time resting spent in this place.
 E = Time spent auto-exploring this place.
 F = Levels seen in this place.
 G = Mean time per level.
                   A        B        C        D        E       F      G
               +--------+--------+--------+--------+--------+-----+--------+
         Total |   1717 |   1687 |     30 |     30 |   1433 |   2 |  858.5 |
       Dungeon |   1717 |   1687 |     30 |     30 |   1433 |   2 |  858.5 |
               +--------+--------+--------+--------+--------+-----+--------+

Top non-repeatable levels by time:
     D:1: 1026 daAuts
     D:2: 690 daAuts
